 Dungeon Crawl Stone Soup version 0.26.1-11-gd32895ea62 (webtiles) character file.

Game seed: 5740250871770948918

46 infcreate the Sneak (level 3, -2/20 HPs)
             Began as a Vampire Enchanter on July 4, 2021.
             Slain by Sigmund
             ... wielding a +2 vampiric scythe
              (7 damage)
             ... on level 2 of the Dungeon.
             The game lasted 00:04:51 (1521 turns).

infcreate the Sneak (Vampire Enchanter)             Turns: 1521, Time: 00:04:51

Health: -2/20      AC:  3    Str:  7    XL:     3   Next: 44%
Magic:  3/6        EV: 13    Int: 17    God:
Gold:   90         SH:  0    Dex: 15    Spells: 0/6 levels left

rFire    . . .     SeeInvis +   a - +1 dagger
rCold    + + .     Faith    .   (no shield)
rNeg     + + +     Spirit   .   b - +1 robe
rPois    ∞         Reflect  .   (no helmet)
rElec    .         Harm     .   (no cloak)
rCorr    .         Rampage  .   (no gloves)
Will     .....                  (no boots)
Stlth    +++++.....             (no amulet)
HPRegen  0.00/turn              (no ring)
MPRegen  0.10/turn              (no ring)

@: confusing touch, bloodless
A: fangs 3, see invisible, unbreathing
a: Bat Form, Revivify


You were on level 2 of the Dungeon.
You visited 1 branch of the dungeon, and saw 2 of its levels.

You collected 90 gold pieces.


Innate Abilities, Weirdness & Mutations

You do not regenerate when monsters are visible.
You are frail without blood (-20% HP).
You can heal yourself when you bite living creatures.
You are immune to poison.
You have razor-sharp teeth.
You have supernaturally acute eyesight. (SInv)
You can survive without breathing.


   Skills:
 + Level 0.5 Fighting
 * Level 1.8 Short Blades
 * Level 2.7 Dodging
 * Level 5.0 Stealth
 + Level 2.2 Spellcasting
 * Level 4.9 Hexes


You couldn't memorise any spells.
You knew the following spells:

 Your Spells              Type           Power        Failure   Level
c - Corona                Hex            20%          2%          1
e - Ensorcelled Hibernat  Hex/Ice        20%          11%         2
t - Confusing Touch       Hex            18%          8%          3

Your spell library contained the following spells:

 Spells                   Type           Power        Failure   Level
 Tukima's Dance           Hex            18%          8%          3
 Dazzling Flash           Conj/Hex       20%          21%         3

Inventory:

Hand Weapons
 a - a +1 dagger (weapon)
Armour
 b - a +1 robe (worn)
Scrolls
 d - a scroll of noise {unknown}
 f - 2 scrolls of teleportation {@r4}
 g - a scroll of identify {unknown}
 i - a scroll of enchant armour
Potions
 c - a potion of cancellation {unknown}
 e - a potion of haste {unknown}
 h - a potion of brilliance {unknown}

Dungeon Overview and Level Annotations

Branches:
Dungeon (2/15)

Altars:

Annotations:
D:2 Sigmund

#...#####..##.......
#..........##.#.....
#...######.......###
#...# ###...<..### #...#
#...........
#####...#####........#.#
................#.......
........$....(.....#<#÷.
......@@......)..#.#.###
#####!..#####.#......# #
#...# #......#.... #...#
####.####### #...# #.#
#.<. #...# #.# #.##
#...# #.####.## #...#
#........ ######.##


You could see Sigmund.


Message History

a cursed -3 club; a kobold corpse You see here a robe.
Found 19 gold pieces.
You now have 90 gold pieces (gained 19).
A giant cockroach comes into view.
Unknown command.
The helpless giant cockroach fails to defend itself.
You impale the giant cockroach!!
You kill the giant cockroach!
Found a stone staircase leading down.
There is a stone staircase leading down here.
There is a stone staircase leading down here.
Things that are here:
a +0 whip; a kobold skeleton
Okay, then.
Casting: Corona (safe; 2% risk of failure)
Confirm with . or Enter, or press ? or * to list all spells.
The spell is quite dangerous to cast (8% risk of failure)!
Continue anyway?
Your hands begin to glow red.
Found an inky potion.
Sigmund shouts!
Sigmund hits you from afar with a +2 vampiric scythe!
Ouch! That really hurt!
* * * LOW HITPOINT WARNING * * *
Sigmund casts a spell at you. The magic dart hits you.
* * * LOW HITPOINT WARNING * * *
You hit Sigmund but do no damage.
Sigmund hits you with a +2 vampiric scythe!
You die...

Skill      XL: |  1  2  3 |
---------------+----------+-----
Stealth        | 5 |  5.0
Fighting       | |  0.5
Short Blades   | |  1.8
Dodging        | |  2.7
Spellcasting   | |  2.2
Hexes          | |  4.9

Action                   || total
-------------------------++-------
Melee: Dagger            ||    45
       Bite              ||     1
 Cast: Corona            ||     8
       Ensorcelled Hiber ||     9
       Confusing Touch   ||     1
 Abil: Exsanguinate      ||     1
  Use: Scroll            ||     2
 Stab: Sleeping          ||    24
Armor: Robe              ||    13
Dodge: Dodged            ||    25

Levels and vault maps discovered:
D:1:      saegor_arrival_simple_e, layout_basic
D:2:      layout_loops_cross, tgw_fedhas, uniq_sigmund

Notes
Turn   | Place    | Note
-------+----------+-------------------------------------------
     0 | D:1      | infcreate the Vampire Enchanter began the quest for the
                  | Orb.
     0 | D:1      | Reached XP level 1. HP: 13/13 MP: 3/3
   441 | D:1      | Reached XP level 2. HP: 9/15 MP: 3/5
   561 | D:1      | Learned a level 2 spell: Ensorcelled Hibernation
  1173 | D:2      | Reached XP level 3. HP: 20/20 MP: 6/6
  1178 | D:2      | Learned a level 3 spell: Confusing Touch
  1187 | D:2      | Noticed Sigmund
  1235 | D:2      | Reached skill level 5 in Stealth
  1521 | D:2      | Slain by Sigmund

Vanquished Creatures
  An adder (D:2)
  A dart slug (D:1)
  2 leopard geckos (D:1)
  3 giant cockroaches
  3 goblins
  A hobgoblin (D:1)
  2 jackals (D:1)
  6 kobolds
  A ball python (D:1)
  5 bats
  4 rats
29 creatures vanquished.

Vanquished Creatures (others)
  9 fungi (D:2)
  13 plants (D:2)
22 creatures vanquished.

Grand Total: 51 creatures vanquished

Table legend: (Time is in decaauts)
 A = Elapsed time spent in this place.
 B = Non-inter-level travel time spent in this place.
 C = Inter-level travel time spent in this place.
 D = Time resting spent in this place.
 E = Time spent auto-exploring this place.
 F = Levels seen in this place.
 G = Mean time per level.
                   A        B        C        D        E       F      G
               +--------+--------+--------+--------+--------+-----+--------+
         Total |   1518 |   1269 |    249 |    516 |      0 |   2 |  759.0 |
       Dungeon |   1518 |   1269 |    249 |    516 |      0 |   2 |  759.0 |
               +--------+--------+--------+--------+--------+-----+--------+

Top non-repeatable levels by time:
     D:1: 1194 daAuts
     D:2: 323 daAuts

Table legend:
 A = Non-vault XP
 B = Vault XP
 C = Vault XP percentage of total XP
 D = Non-vault monster count
 E = Vault monster count
 F = Vault count percentage of total count
                 A         B        C        D         E       F
            +---------+---------+-------+---------+---------+-------
      Total |      66 |       0 |   0.0 |      29 |       0 |   0.0
            +---------+---------+-------+---------+---------+-------
        D:1 |      40 |       0 |   0.0 |      21 |       0 |   0.0
        D:2 |      26 |       0 |   0.0 |       8 |       0 |   0.0
            +---------+---------+-------+---------+---------+-------
